 Dungeon Crawl Stone Soup version 0.19.4-8-ga85b6b9 (webtiles) character file.

28 volk64 the Caller (level 3, 0/19 HPs)
             Began as a Tengu Summoner on Feb 7, 2017.
             Slain by an adder (3 damage)
             ... on level 2 of the Dungeon.
             The game lasted 00:10:01 (1893 turns).

volk64 the Caller (Tengu Summoner)                  Turns: 1893, Time: 00:10:02

Health: 0/19       AC:  2    Str:  8    XL:     3   Next: 12%
Magic:  1/7        EV: 13    Int: 16    God:
Gold:   51         SH:  0    Dex: 14    Spells: 2 memorised, 2 levels left

rFire  . . .     SeeInvis .     j - +0 mace
rCold  . . .     Gourm    .     a - +0 robe
rNeg   . . .     Faith    .     (no shield)
rPois  .         Spirit   .     (helmet restricted)
rElec  .         Reflect  .     (no cloak)
rCorr  .         Harm     .     (no gloves)
MR     +....                    (boots unavailable)
Stlth  ++........               (no amulet)
                                (no ring)
                                (no ring)

@: lethally poisoned (0 -> -4)
A: beak, talons 3, magic resistance 1
a: no special abilities


You were on level 2 of the Dungeon.
You were not hungry.

You visited 1 branch of the dungeon, and saw 2 of its levels.

You collected 51 gold pieces.

Inventory:

Hand Weapons
 i - a +0 hand axe
 j - a +0 mace (weapon)
Armour
 a - a +0 robe (worn)
Wands
 h - a wand of digging (14/24)
Scrolls
 e - 2 scrolls of remove curse
 g - a scroll of identify
 m - a scroll of immolation {unknown}
Potions
 f - a potion of flight
 k - 2 potions of curing {unknown}
 l - a potion of mutation {unknown}
Books
 b - a book of Callings

   Spells                             Type                      Level
   a - Summon Small Mammal            Summoning                    1
   b - Call Imp                       Summoning                    2
   c - Call Canine Familiar           Summoning                    3
   d - Summon Guardian Golem          Hexes/Summoning              3
   e - Summon Lightning Spire         Summoning/Air                4
   f - Summon Ice Beast               Ice/Summoning                4
Comestibles
 c - 2 bread rations
 d - 5 chunks of flesh


   Skills:
 + Level 0.2 Maces & Flails
 + Level 2.4 Dodging
 + Level 2.1 Stealth
 + Level 2.2 Spellcasting
 + Level 5.5 Summonings


You had 2 spell levels left.
You knew the following spells:

 Your Spells              Type           Power        Failure   Level  Hunger
a - Summon Small Mammal   Summ           ###.         1%          1    #......
b - Call Canine Familiar  Summ           ###.....     8%          3    ###....


Dungeon Overview and Level Annotations

Branches:
Dungeon (2/15)

Altars:


Innate Abilities, Weirdness & Mutations

You have a beak for a mouth.
You have claws for feet.
You are resistant to hostile enchantments. (MR+)


Message History

You are lethally poisoned!
The adder poisons you!
Casting: Summon Small Mammal
Confirm with . or Enter, or press ? or * to list all spells.
You feel sick. The adder closely misses you.
You feel sick.
You swap places.
The adder bites your rat.
Your rat dies!
Your rat's corpse disappears in a puff of smoke!
You feel sick. The adder barely misses you.
* * * LOW HITPOINT WARNING * * *
You feel sick. The adder barely misses you.
Your magical contamination has completely faded away.
The adder bites you.
* * * LOW HITPOINT WARNING * * *
You are alive.
You are lethally poisoned (4 -> -1).
Your movement speed is average.
Your attack speed is quite slow.
* * * LOW HITPOINT WARNING * * *
You feel sick. The adder bites you.
You die...

#.#.......#
#.#.......#
#.#.......#
#.........#
#######..###.##
#########........#
#.#
..........#####s##
#.#
########..###.#.S#
#.# #..##.#.#@###(#
#..#.###......#
######..##.#.#.#####
#.......###.##.#
###.####.## #.##(#
.....rrĂ·.# #.##.#
###.###### #....#
#.# #..###### #.#
#.....(.######


You could see an adder and a giant cockroach.

Vanquished Creatures
  A hobgoblin (D:1)
  A kobold (D:1)
  4 bats
  A frilled lizard (D:1)
  A rat (D:1)
8 creatures vanquished.

Vanquished Creatures (collateral kills)
  An adder (D:2)
  2 worms
  3 leopard geckos
  A giant cockroach (D:2)
  A goblin (D:1)
  A hobgoblin (D:1)
  2 kobolds (D:1)
  A ball python (D:2)
  2 bats (D:1)
  A frilled lizard (D:1)
  3 rats
18 creatures vanquished.

Grand Total: 26 creatures vanquished

Notes
Turn   | Place    | Note
-------+----------+-------------------------------------------
     0 | D:1      | volk64 the Tengu Summoner began the quest for the Orb.
     0 | D:1      | Reached XP level 1. HP: 10/10 MP: 4/4
   105 | D:1      | Reached skill level 5 in Summonings
   376 | D:1      | Gained mutation: You are resistant to hostile enchantments. (MR+) [potion of beneficial mutation]
   647 | D:1      | Reached XP level 2. HP: 15/15 MP: 3/6
  1668 | D:2      | Reached XP level 3. HP: 18/19 MP: 5/7
  1757 | D:2      | Learned a level 3 spell: Call Canine Familiar
  1893 | D:2      | Slain by an adder

Skill      XL: |  1 |
---------------+----+-----
Summonings     | 5 |  5.5
Maces & Flails | |  0.2
Dodging        | |  2.4
Stealth        | |  2.1
Spellcasting   | |  2.2

Action                   || total
-------------------------++-------
Melee: Unarmed           ||    27
       Kick              ||     7
       Peck              ||     6
       Mace              ||    22
 Cast: Summon Small Mamm ||    48
       Call Canine Famil ||     2
  Use: Potion            ||     1
       Scroll            ||     4
  Eat: Chunk             ||     4
Armor: Robe              ||    16
Dodge: Dodged            ||    53
